Unix NetHack Version 5.0.0-0 post-release - last build Jun 10 2026 00:39:30 (3ee93aec679c4c4259841fe613dc97188e26a321,branch:main).

Game began 2026-06-17 00:43:03, ended 2026-06-17 00:51:04.

DaveT, lawful male human Priest

                                 -----
                                 |...+
                               ##....|
                               # |..<|
                               # -----
                               #
                    -------- ###
                    |......|##  #
 ---------------    |......+#
 |Ghkh.hGoo....|    |......|##
 |okkoGk.o.h.h.|    |.......#
 |hGhoGhkoGhGh%h@*##-......|
 |oGkhkhkhGoGo.|    --------
 |ohohG.ohkG...|
 ---------------

DaveT the Acolyte            St:15 Dx:13 Co:14 In:12 Wi:18 Ch:8  Lawful
Dlvl:5  $:82 HP:0(25) Pw:27(27) AC:3  Xp:3 T:1620 

Latest messages:
 The wand hits the hobgoblin!
 The hobgoblin is killed!
 The wand misses you.
 The gnome wakes up!
 The bugbear picks up an iron skull cap.
 The gnome lady zaps a wand of striking!
 The wand misses the bugbear.
 The wand hits the gnome!
 You miss the bugbear.
 The bugbear hits!
 The dwarf queen hurls a cursed cyan potion!
 The cyan potion misses the hobgoblin.
 The flagon crashes on the gnome lady's head and breaks into shards.
 The cyan potion evaporates.
 The gnome lady shrieks in pain!
 The hobgoblin wakes up.
 The bugbear wakes up.
 The kobold shaman wakes up.
 The goblin wakes up.
 The large kobold wakes up.
 The bugbear wakes up.
 The gnome lady wakes up.
 The kobold wakes up.
 Call a cyan potion: acid?
 You miss the bugbear.
 The dwarf queen throws a dagger!
 The dagger hits the gnome.
 What do you want to wield? [- aD or ?*] a
 You are already wielding that!
 You miss the bugbear.
 The large kobold throws a dart!
 The dart hits the large kobold.
 The bugbear hits!
 You miss the bugbear.
 The bugbear picks up a dart.
 The bugbear hits!
 You miss the bugbear.
 The bugbear reads a scroll labeled READ ME!
 The bugbear vanishes!
 The large kobold throws a dart!
 The dart misses the bugbear.
 You are hit by a dart.
 The bugbear zaps a wand of striking!
 The wand hits the large kobold!
 The large kobold is killed!
 The wand hits the bugbear!
 The wand hits you!
 You die...
 Do you want your possessions identified? [ynq] (y) y
 Do you want to see your attributes? [ynq] (y) q

Inventory:
 Coins    ('$')
  $ - 82 gold pieces
 Weapons  (')')
  D - a +2 spear
  a - a blessed +1 mace (weapon in right hand)
 Armor    ('[')
  v - a +0 orcish helm (being worn)
  c - a +0 small shield (being worn)
  b - a +0 robe (being worn)
  t - a +0 studded leather armor (being worn)
 Comestibles  ('%')
  e - a clove of garlic
  A - a food ration
  f - a sprig of wolfsbane
  z - a lichen corpse
 Spellbooks  ('+')
  o - a spellbook of create monster
  h - a spellbook of detect food
  g - a spellbook of light
 Potions  ('!')
  d - 4 potions of holy water
  u - a potion of water
 Rings    ('=')
  B - a ring of polymorph control
  C - a ring of teleport control
 Wands    ('/')
  x - a wand of sleep (0:5)
 Tools    ('(')
  w - a wooden harp
 Gems/Stones  ('*')
  q - a worthless piece of black glass
  r - 2 worthless pieces of violet glass
  l - a worthless piece of yellowish brown glass

DaveT the Priest's attributes:

Background:
 You were an Acolyte, a level 3 human Priest.
 You were lawful, nominally on a mission for Ptah
 who was opposed by Thoth (neutral) and Anhur (chaotic).
 You were right-handed.
 You were in the Dungeons of Doom, on level 5.
 You entered the dungeon 1620 turns ago.
 It was the midnight hour.
 There was a new moon in effect when your adventure ended.
 You had 72 experience points, 8 more were needed to attain level 4.

Basics:
 You had 0 out of 25 hit points.
 You had all 27 energy points (spell power).
 Your armor class was 3.
 Your wallet contained 82 zorkmids.
 Autopickup was off.

Final Characteristics:
 Your strength was 15 (limit:18/100).
 Your dexterity was 13 (limit:18).
 Your constitution was 14 (limit:18).
 Your intelligence was 12 (limit:18).
 Your wisdom was 18 (limit:18).
 Your charisma was 8 (limit:18).

Final Status:
 You weren't hungry.
 You were unencumbered.
 You were wielding a mace.
 You had basic skill with mace.

Final Attributes:
 You were devoutly aligned.
 You were telepathic.
 You were guarded.
 Your spell casting was enhanced by wearing a robe.
 You are dead.

Miscellaneous:
 You didn't encounter any bones levels.
 Total elapsed playing time was 8 minutes and 1 second.

Major events:
 Turn
    1: DaveT the lawful human Priest entered the dungeon
  965: attained the rank of Acolyte (level 3)
 1307: entered the Gnomish Mines
 1620: killed by a wand

Spells:
 Name                 Level Category     Fail Retention
 light                  1   clerical       0%  91%-100%
 detect food            2   divination    46%  76%-100%
 create monster         2   clerical       0%  91%-100%

Skills:
 Fighting Skills
   bare handed combat [Unskilled]
 Weapon Skills
   club               [Unskilled]
   mace               [Basic]
   morning star       [Unskilled]
   flail              [Unskilled]
   hammer             [Unskilled]
   quarterstaff       [Unskilled]
   polearms           [Unskilled]
   spear              [Unskilled]
   trident            [Unskilled]
   lance              [Unskilled]
   bow                [Unskilled]
   sling              [Unskilled]
   crossbow           [Unskilled]
   dart               [Unskilled]
   shuriken           [Unskilled]
   boomerang          [Unskilled]
   unicorn horn       [Unskilled]
 Spellcasting Skills
   healing spells     [Unskilled]
   divination spells  [Unskilled]
   clerical spells    [Basic]

Voluntary challenges:
 Character rerolling was not enabled.
 You were an atheist.
 You never genocided any monsters.
 You never polymorphed an object.
 You never changed form.
 You used no wishes.
Achievements:
 You entered a shop.
 You attained the rank of Acolyte.
 You entered the Gnomish Mines.

 The Dungeons of Doom: levels 1 to 5
    Level 1:
    Level 2:
       An armor shop.
    Level 3: "vault"
       Some fountains.
    Level 4:
       A fountain.
       Stairs down to The Gnomish Mines.
    Level 5: <- You were here.
       A throne.
       Final resting place for
          you, killed by a wand.
 The Gnomish Mines:
    Level 5:


Vanquished creatures:
  a floating eye
  a giant bat
 an acid blob
  2 coyotes
  2 large kobolds
  a hobgoblin
  a cave spider
  a gnome zombie
  a jackal
  a fox
  a goblin
  4 sewer rats
  3 grid bugs
  2 bats
  3 lichens
  a kobold zombie
  4 newts
30 creatures vanquished.

No species were genocided or became extinct.

Game over:
                       ----------
                      /          \
                     /    REST    \
                    /      IN      \
                   /     PEACE      \
                  /                  \
                  |      DaveT       |
                  |      82 Au       |
                  | killed by a wand |
                  |                  |
                  |                  |
                  |                  |
                  |       2026       |
                 *|     *  *  *      | *
        _________)/\\_//(\/(/\)/\//\/|_)_______

Goodbye DaveT the Priest...

You died in The Dungeons of Doom on dungeon level 5 with 602 points,
and 82 pieces of gold, after 1620 moves.
You were level 3 with a maximum of 25 hit points when you died.

